 Dungeon Sprint DCSS version 0.29.1-1-gd02db6906a (console) character file.

Game seed: 14137583086444886828

141 erker the Fighter (level 5, -1/84 HPs)
             Began as a Minotaur Berserker on Oct 13, 2022.
             Was a Priest of Trog.
             Slain by a deep elf pyromancer
             ... wielding a +1 long sword of holy wrath
              (10 damage)
             ... in the Dungeon (Sprint III: "The Ten Rune Challenge").
             The game lasted 00:02:07 (654 turns).

erker the Fighter (Minotaur Berserker)               Turns: 654, Time: 00:02:08

Health: -1/84      AC:  2    Str: 24    XL:     5   Next: 3%
Magic:  4/4        EV: 12    Int:  4    God:    Trog [***...]
Gold:   15         SH:  0    Dex:  9    Spells: 4/4 levels left

rFire   . . .      SeeInvis .   a - +0 hand axe
rCold   . . .      Faith    .   (no shield)
rNeg    . . .      Spirit   .   b - +0 animal skin
rPois   .          Reflect  .   (helmet restricted)
rElec   .          Harm     .   (no cloak)
rCorr   .          Rampage  .   (no gloves)
Will    .....      NoTele   +   (no boots)
Stlth   ..........              (no amulet)
HPRegen 0.24/turn               (no ring)
MPRegen 0.09/turn               (no ring)

@: berserking, very quick
A: horns 2, retaliatory headbutt
a: Renounce Religion, Berserk, Trog's Hand


You were in the Dungeon.
You worshipped Trog.
Trog was most pleased with you.
You visited 1 branch You collected 15 gold pieces.

Inventory:

Hand Weapons
 a - a +0 hand axe (weapon)
Armour
 b - a +0 animal skin (worn)
Scrolls
 h - a scroll of blinking
 i - a scroll of poison {unknown}
 j - 3 scrolls of identify
 n - a scroll of torment {unknown}
Potions
 c - 2 potions of curing
 f - 2 potions of magic
 g - a potion of berserk rage
 k - a potion of degeneration {unknown}
 l - a potion of lignification {unknown}
 m - 4 potions of mutation


   Skills:
 + Level 8.5 Fighting
 + Level 8.3 Axes
 + Level 4.5 Armour
 + Level 4.2 Dodging


You had 4 spell levels left.
You didn't know any spells.
Your spell library was empty.

Dungeon Overview and Level Annotations

Branches:
Dungeon (1/1)

Altars:
Elyvilon
Kikubaaqudgha
Sif Muna
Vehumet
Zin
The Shining One


Innate Abilities, Weirdness & Mutations

You have a pair of horns on your head.
You reflexively headbutt those who attack you in melee.


Message History

The deep elf pyromancer casts a spell.
You barely miss the deep elf pyromancer.
You hit the fire elemental but do no damage.
The deep elf pyromancer casts a spell.
The deep elf pyromancer blinks!
You slash the fire elemental!
The fire elemental is moderately damaged.
The fire elemental hits you. The fire elemental burns you!
You feel a strong urge to attack something.
The fire elemental hits you. The fire elemental burns you!
The deep elf pyromancer hits you with a +1 long sword of holy wrath!
There is a fountain of clear blue water here.
You slash the deep elf pyromancer!
Your headbutt misses the deep elf pyromancer.
The deep elf pyromancer is moderately wounded.
You hit the fire elemental. x2; The fire elemental hits you.
The fire elemental burns you! The fire elemental barely misses you.
You furiously retaliate!
You headbutt the fire elemental! You hit the deep elf pyromancer.
The deep elf pyromancer is heavily wounded.
You slash the fire elemental!
You feel the power of Trog in you as your rage grows.
You destroy the fire elemental!
The fire elemental disappears in a puff of smoke!
You slash the fire elemental!
The deep elf pyromancer hits you with a +1 long sword of holy wrath!
* * * LOW HITPOINT WARNING * * *
You slash the deep elf pyromancer!
Your headbutt misses the deep elf pyromancer.
The deep elf pyromancer is severely wounded.
You closely miss the fire elemental. The fire elemental hits you.
* * * LOW HITPOINT WARNING * * *
The fire elemental burns you!
* * * LOW HITPOINT WARNING * * *
You slash the deep elf pyromancer!
Your headbutt misses the deep elf pyromancer.
The deep elf pyromancer is almost dead.
You closely miss the fire elemental.
The deep elf pyromancer hits you with a +1 long sword of holy wrath!
You die...

▓▓▓▓▓▓▓▓ ▓▓▓ ..'....♣♣♣
♣.##### ..#....♣.♣
♣.#°__# ###....♣.♣
♣♣.#!§.# ..#....~♣♣
♣..###°#+###+#
..#...~~♣♣♣♣♣.#.E§.......
..#..~~~~♣♣.♣.'.@........
#)#..~≈≈~~~♣..#.e.######+
..#†~~≈~~~....#.⌠.#
..#.~≈~~~.....#[).#
..#.~~~.......#)###
###...........#.::#
..............#___#
▓▓▓▓▓▓▓▓▓▓▓▓▓▓▓▓▓▓▓


You could see a deep elf pyromancer and a fire elemental (summoned).

Vanquished Creatures
  A water elemental (D)
  Jessica (D)
  A human (D)
  A kobold demonologist (D)
  A phantom (D)
  2 endoplasms (D)
  A rat (D)
8 creatures vanquished.

Vanquished Creatures (others)
  A wizard (D)
1 creature vanquished.

Grand Total: 9 creatures vanquished

Notes
Turn   | Place    | Note
-------+----------+-------------------------------------------
     0 | D        | erker the Minotaur Berserker began the quest for the Orb.
     0 | D        | Reached XP level 1. HP: 19/19 MP: 0/0
   142 | D        | Noticed Jessica
   145 | D        | Killed Jessica
   145 | D        | Reached ** piety under Trog
   146 | D        | Reached skill level 5 in Fighting
   146 | D        | Reached skill level 5 in Axes
   146 | D        | Reached XP level 2. HP: 30/30 MP: 1/1
   146 | D        | Reached XP level 3. HP: 37/37 MP: 2/2
   293 | D        | Noticed a water elemental
   297 | D        | Killed a water elemental
   297 | D        | Reached *** piety under Trog
   298 | D        | Reached XP level 4. HP: 45/48 MP: 3/3
   337 | D        | Found a radiant altar of Vehumet.
   337 | D        | Found a shimmering blue altar of Sif Muna.
   337 | D        | Found an ancient bone altar of Kikubaaqudgha.
   337 | D        | Noticed a wizard
   364 | D        | Killed a wizard
   365 | D        | Reached XP level 5. HP: 8/56 MP: 4/4
   644 | D        | Found a glowing silver altar of Zin.
   644 | D        | Found a glowing golden altar of the Shining One.
   644 | D        | Found a white marble altar of Elyvilon.
   645 | D        | Noticed a deep elf pyromancer
   647 | D        | Noticed a fire elemental
   647 | D        | Noticed a fire elemental
   654 | D        | Slain by a deep elf pyromancer

Illustrated notes

Levels and vault maps discovered:
D:        dungeon_sprint_mu [sprint_mu_entry_forest, sprint_mu_temple_rooms,
          sprint_mu_d1_horrors, sprint_mu_d2_genie, sprint_mu_d3_branching,
          sprint_mu_orc_legion, sprint_mu_elf_gauntlet, sprint_mu_hive_nellie,
          sprint_mu_lair_fedhas, sprint_mu_vaults_butterflies,
          sprint_mu_slime_circle, sprint_mu_shoals_archi,
          sprint_mu_snake_twists, sprint_mu_blade_basic,
          sprint_mu_crypt_fortress, sprint_mu_tomb_spiral,
          sprint_mu_vestibule_basic, sprint_mu_gehenna_hellfire,
          sprint_mu_dis_giant, sprint_mu_tartarus_statrot,
          sprint_mu_cocytus_islands, sprint_mu_zot1]

Skill      XL: |  1  2  3  4 |
---------------+-------------+-----
Fighting       | 5 7 8 |  8.5
Axes           | 5 7 8 |  8.3
Armour         | 3 4 |  4.5
Dodging        | 3 4 |  4.2

Action                   |  1- 3 |  4- 6 || total
-------------------------+-------+-------++-------
Melee: Hand axe          |    23 |    15 ||    38
       Headbutt          |     2 |       ||     2
Invok: Berserk           |     4 |     2 ||     6
  Use: Potion            |       |     2 ||     2
Armor: Animal skin       |     1 |     5 ||     6
Dodge: Dodged            |     8 |     4 ||    12
